 Dungeon Crawl Stone Soup version 0.28-a0-60-g54b5640690 (webtiles) character file.

Game seed: 3208818874576578350

8631 Spaninq the Spear-Bearer (level 11, 0/84 HPs)
             Began as a Demonspawn Wanderer on July 30, 2021.
             Was an Elder of Nemelex Xobeh.
             Collided with a rock wall (3 damage)
             ... caused by Erica
             ... on level 8 of the Dungeon.
             The game lasted 00:32:39 (13296 turns).

Spaninq the Spear-Bearer (Demonspawn Wanderer)     Turns: 13296, Time: 00:32:40

Health: 0/84       AC: 20    Str: 13    XL:     11   Next: 12%
Magic:  16/16      EV:  5    Int: 16    God:    Nemelex Xobeh [****..]
Gold:   508        SH:  6    Dex: 13    Spells: 10/10 levels left

rFire   . . .      SeeInvis .   t - +4 spear (freeze)
rCold   . . .      Faith    .   p - +1 buckler
rNeg    . . .      Spirit   .   H - +0 plate armour
rPois   +          Reflect  .   (helmet restricted)
rElec   .          Harm     .   s - +2 cloak
rCorr   .          Rampage  .   g - +0 pair of gloves
Will    +....                   (no boots)
Stlth   ..........              (no amulet)
HPRegen 0.24/turn               l - ring of poison resistance
MPRegen 0.30/turn               d - ring of willpower

@: mighty
A: horns 2, powered by pain 1, magic regeneration, sharp scales 3
a: Renounce Religion, Draw Escape, Draw Destruction, Draw Summoning, Triple
Draw, Deal Four


You were on level 8 of the Dungeon.
You worshipped Nemelex Xobeh.
Nemelex Xobeh was greatly pleased with you.
You visited 2 branches of the dungeon, and saw 10 of its levels.
You also visited: Sewer.

You collected 508 gold pieces.

Inventory:

Hand Weapons
 i - a +0 hand axe of flaming
 r - a +0 fustibalus
 t - a +4 spear of freezing (weapon)
Missiles
 b - 9 throwing nets (quivered)
Armour
 g - a +0 pair of gloves (worn)
 m - a +0 kite shield
 p - a +1 buckler (worn)
 s - a +2 cloak (worn)
 H - a +0 plate armour (worn)
Jewellery
 d - a ring of willpower (right hand)
 l - a ring of poison resistance (left hand)
 A - a ring of willpower
Wands
 h - a wand of acid (4)
 w - a wand of paralysis (15)
 B - a wand of iceblast (16)
Scrolls
 f - 2 scrolls of enchant armour
 j - a scroll of immolation {unknown}
 v - 5 scrolls of amnesia
 y - a scroll of identify
 C - a scroll of teleportation
 I - 2 scrolls of summoning
Potions
 a - 2 potions of haste
 c - 2 potions of lignification
 k - 3 potions of might
 n - a potion of ambrosia
 o - a potion of curing
 q - 4 potions of resistance
 u - 3 potions of flight
 x - 2 potions of cancellation
 D - 2 potions of magic
 E - a potion of mutation
 F - a potion of invisibility {unknown}
 G - 2 potions of brilliance {unknown}
 J - 2 potions of attraction {unknown}


   Skills:
 + Level 7.6 Fighting
 * Level 9.4(9.5) Polearms
 - Level 2.4(6.4) Staves
 - Level 1.7 Crossbows
 - Level 1.0 Throwing
 + Level 6.5 Armour
 + Level 5.1 Dodging
 - Level 1.0 Stealth
 - Level 4.0 Shields
 - Level 7.3 Invocations
 - Level 1.0 Evocations


You had 10 spell levels left.
You didn't know any spells.
Your spell library contained the following spells:

 Spells                   Type           Power      Damage    Failure   Level
 Alistair's Intoxication  Tmut/Pois      0%         N/A       100%        5
 Borgnjor's Vile Clutch   Necr/Erth      0%         N/A       100%        5
 Eringya's Noxious Bog    Tmut/Pois      0%         N/A       100%        6


Dungeon Overview and Level Annotations

Branches:
Dungeon (9/15)             Temple (1/1) D:5           Sewer (visited)
   Lair: D:8-11         Orc: D:9-12

Altars:
Ashenzari
Cheibriados
Dithmenos
Elyvilon
Fedhas
Gozag
Hepliaklqana
Kikubaaqudgha
Makhleb
Nemelex Xobeh
Okawaru
Qazlal
Ru
Sif Muna
Trog
Uskayaw
Vehumet
Wu Jian
Xom
Yredelemnul
Zin
The Shining One

Shops:
D:2 !   D:5 :

Annotations:
D:8 Erica


Innate Abilities, Weirdness & Mutations

You have a pair of horns on your head.
You sometimes gain a little power by taking damage.
You regenerate magic rapidly.
You are completely covered in razor-sharp scales. (AC +3, Slay +3)


Message History

Deactivating autopickup; reactivate with Ctrl-A.
The lance of force hits you.
You are knocked back by the lance of force.
There is an open door, spattered with blood here.
Items here: )))) [[[.
You close the door, pushing everything out of the way.
Things that are here:
a +0 battleaxe; a +0 chain mail; a +0 dagger You start resting.
Something unseen opens the door.
Reach: t) +4 spear (freeze)
Press: ? - help, Dir - move target You reach to attack!
You hit something but do no damage.
You hear some strange, mumbled words.
A bolt of poison appears from out of thin air!
The bolt of poison hits you. You resist.
You hear some strange, mumbled words.
A lance of force appears from out of thin air!
The lance of force hits you!!
* * * LOW HITPOINT WARNING * * *
You focus on the pain.
You feel very mighty all of a sudden.
You are knocked back by the lance of force.
You slam into the rock wall!
Something hits you but does no damage.
You barely miss something. You puncture something! You freeze something.
Your headbutt misses something. Something hits you!
* * * LOW HITPOINT WARNING * * *
Something burns you.
* * * LOW HITPOINT WARNING * * *
You feel better.
You hear some strange, mumbled words.
A lance of force appears from out of thin air!
The lance of force hits you!
* * * LOW HITPOINT WARNING * * *
You are knocked back by the lance of force.
You slam into the rock wall!
You die...
Your body glows with a rainbow of weird colours and disappears.

................'..#..........#.#
................####).........'.#
.......#.#'#...#.# #..........###
##'###.#.#.#.#...# #..........#
#)# #.#.#.#.###.# #..........#
#)# #.#.#.#.# #.# #..........#
#)# #.#.#.#.# #.# #..........###
#)# #.#.#.#.# #.# #..........'..
#)# #.#.#.#.# #@###[.....>...###
##)# #.#.#.#.# #.{)').........# #
.).# #.#.#.#.# #####).........###
######.#.#.#.# #..........[..
.......#.#.#)# #..........###
########.#.#.# ############ #
...........#.# # ##########.#.# #
...........#.#


There were no monsters in sight!

Vanquished Creatures
  Harold (D:8)
  Pikel (D:5)
  An ugly thing (D:8)
  Maurice (D:8)
  Joseph (D:7)
  A kobold demonologist (D:9)
  A hornet (D:9)
  A vampire (D:8)
  3 yaks
  A wyvern (D:9)
  Grum (D:9)
  A steam dragon (D:8)
  Duvessa (D:7)
  An acid dragon (D:5)
  A water moccasin (D:5)
  An ice beast (D:7)
  A sky beast (D:5)
  3 orc warriors
  A black bear (D:6)
  2 necrophages
  An ogre (D:5)
  7 centaurs
  2 wolves (D:9)
  5 kobold brigands
  A gnoll sergeant (D:6)
  2 bullfrogs
  A scorpion (D:5)
  Dowan (D:7)
  A water moccasin zombie (D:5)
  A water moccasin skeleton (D:6)
  13 wights
  A centaur zombie (D:8)
  3 jellies
  2 gnoll shamans (D:6)
  3 orc priests
  5 hounds
  4 bullfrog skeletons
  A scorpion zombie (D:5)
  5 iguanas
  5 orc wizards
  2 killer bee zombies
  A hound zombie (D:5)
  2 hound skeletons
  A howler monkey zombie (D:8)
  20 gnolls
  8 adders
  2 white imps
  2 ufetubi (D:5)
  An adder skeleton (D:5)
  A worm (D:2)
  A dart slug (D:3)
  14 orcs
  8 bats
  7 endoplasms
  4 giant cockroaches
  10 goblins
  5 hobgoblins
  4 jackals (D:2)
  3 quokkas
  7 ball pythons
  8 frilled lizards
  26 kobolds
  9 rats
235 creatures vanquished.

Vanquished Creatures (collateral kills)
  Edmund (D:6)
  A necrophage (D:6)
  A worm (D:3)
  An endoplasm (D:3)
4 creatures vanquished.

Vanquished Creatures (others)
  Maggie (D:7)
  A plant (Sewer)
2 creatures vanquished.

Grand Total: 241 creatures vanquished

Notes
Turn   | Place    | Note
-------+----------+-------------------------------------------
     0 | D:1      | Spaninq the Demonspawn Wanderer began the quest for the
                  | Orb.
     0 | D:1      | Spaninq set off with the following items: a +0 dagger, 3
                  | throwing nets, 2 potions of lignification, a +0 leather
                  | armour
     0 | D:1      | Reached XP level 1. HP: 16/16 MP: 1/1
   507 | D:1      | Gained mutation: You have a pair of small horns on your
                  | head. [demonic ancestry]
   507 | D:1      | Reached XP level 2. HP: 17/22 MP: 2/2
  1156 | D:2      | Found a faded altar of an unknown god.
  1162 | D:2      | Became a worshipper of Nemelex Xobeh the Trickster
  1162 | D:2      | Reached * piety under Nemelex Xobeh
  1162 | D:2      | Received a gift from Nemelex Xobeh
  1280 | D:2      | Reached skill level 1 in Armour
  1333 | D:2      | Found Xots's Distillery.
  1435 | D:2      | Gained mutation: You are partially covered in razor-sharp
                  | scales. (AC +1, Slay +1) [demonic ancestry]
  1435 | D:2      | Reached XP level 3. HP: 19/28 MP: 3/3
  1892 | D:2      | Reached skill level 1 in Invocations
  2548 | D:3      | Gained mutation: You are mostly covered in razor-sharp
                  | scales. (AC +2, Slay +2) [demonic ancestry]
  2548 | D:3      | Reached XP level 4. HP: 10/34 MP: 5/5
  3057 | D:3      | Reached ** piety under Nemelex Xobeh
  3057 | D:3      | Received a gift from Nemelex Xobeh
  3142 | D:3      | Reached skill level 1 in Polearms
  3304 | D:3      | Gained mutation: You regenerate magic rapidly. [demonic
                  | ancestry]
  3304 | D:3      | Reached XP level 5. HP: 35/40 MP: 6/6
  4000 | D:4      | Noticed a necrophage
  4009 | D:4      | Killed a necrophage
  4010 | D:4      | Reached skill level 2 in Polearms
  4010 | D:4      | Reached skill level 1 in Shields
  4010 | D:4      | Reached XP level 6. HP: 40/47 MP: 6/8
  4616 | D:4      | Received a gift from Nemelex Xobeh
  4910 | D:5      | Entered Level 5 of the Dungeon
  5116 | D:5      | Reached skill level 3 in Polearms
  5204 | D:5      | Gained mutation: You sometimes gain a little power by
                  | taking damage. [demonic ancestry]
  5204 | D:5      | Reached XP level 7. HP: 31/52 MP: 9/9
  5377 | D:5      | Found Ettoaxti's Book Emporium.
  5379 | D:5      | Noticed Pikel
  5383 | D:5      | Killed Pikel
  5384 | D:5      | Reached skill level 4 in Polearms
  5384 | D:5      | Gained mutation: You are completely covered in razor-sharp
                  | scales. (AC +3, Slay +3) [demonic ancestry]
  5384 | D:5      | Reached XP level 8. HP: 60/60 MP: 9/11
  5641 | D:5      | Reached skill level 5 in Invocations
  5652 | D:5      | Reached skill level 5 in Polearms
  5743 | D:5      | Reached *** piety under Nemelex Xobeh
  5991 | D:5      | Found a staircase to the Ecumenical Temple.
  6021 | Temple   | Entered the Ecumenical Temple
  6393 | D:5      | Reached skill level 5 in Fighting
  6437 | D:6      | Noticed Edmund
  6529 | D:6      | Reached XP level 9. HP: 37/68 MP: 13/13
  6587 | D:6      | Found a glowing drain.
  6592 | Sewer    | Entered a sewer
  6855 | Sewer    | Reached skill level 6 in Polearms
  7250 | D:6      | Killed Edmund
  8236 | D:7      | Received a gift from Nemelex Xobeh
  8365 | D:7      | Noticed Joseph
  8365 | D:7      | Noticed Maggie
  8405 | D:7      | Killed Joseph
  8405 | D:7      | Killed Maggie
  8406 | D:7      | Reached skill level 7 in Polearms
  8406 | D:7      | Reached skill level 5 in Armour
  8671 | D:7      | Noticed Dowan
  8880 | D:7      | Gained mutation: You have a pair of horns on your head.
                  | [demonic ancestry]
  8880 | D:7      | Reached XP level 10. HP: 69/74 MP: 15/15
  9027 | D:7      | Noticed Duvessa
  9050 | D:7      | Killed Duvessa
  9193 | D:7      | Killed Dowan
  9793 | D:8      | Received a gift from Nemelex Xobeh
  9874 | D:8      | Reached skill level 8 in Polearms
 10575 | D:8      | Noticed Harold
 10590 | D:8      | Killed Harold
 10748 | D:8      | Noticed Maurice
 10763 | D:8      | Killed Maurice
 11345 | D:8      | Found a sparkling altar of Nemelex Xobeh.
 11352 | D:8      | Found a hide-covered altar of Uskayaw.
 11352 | D:8      | Found a bloodstained altar of Trog.
 11352 | D:8      | Found an iron altar of Okawaru.
 11354 | D:8      | Found a burning altar of Makhleb.
 11357 | D:8      | Found a hazy altar of Hepliaklqana.
 11520 | D:9      | Reached skill level 9 in Polearms
 11577 | D:9      | Noticed a cyclops
 11581 | D:9      | Identified the +1 trident "Zepem" {venom, rC+ Str+4 Dex+5}
 11595 | D:9      | Noticed Erica
 11601 | D:9      | Reached **** piety under Nemelex Xobeh
 11603 | D:9      | Noticed a red ugly thing
 11912 | D:9      | Noticed Grum
 11921 | D:9      | Killed Grum
 12073 | D:9      | Reached skill level 5 in Dodging
 12073 | D:9      | Reached XP level 11. HP: 50/79 MP: 16/16
 12093 | D:9      | Noticed a six-headed hydra
 12133 | D:9      | HP: 2/80 [hornet (10)]
 12530 | D:8      | Killed a red ugly thing
 12996 | D:9      | Noticed a two-headed ogre
 13296 | D:8      | HP: 3/84 [something/lance of force (12)]
 13296 | D:8      | Collided with a rock wall

Illustrated notes

Levels and vault maps discovered:
D:1:      psy_arrival_whirlpool, layout_basic
D:2:      layout_basic, serial_shops, nicolae_shop_waterfront,
          hellmonk_ecumenical_altar_run_dry, grunt_decor_fettered,
          minmay_misc_feat_roman
D:3:      layout_loops_ring, kennysheep_generic_room_2
D:4:      layout_gridville, nrook_mini_vaults, kennysheep_cross_bottleneck
D:5:      minmay_skewed_foursquare, layout_cave_pools,
          minmay_temple_entry_crystal_x, serial_shops, shop,
          hangedman_abyss_or_decor_stagger, uniq_pikel
D:6:      layout_rooms, portal_sewer_entry_e, corexii_item_surrounded_by_moat,
          uniq_edmund
D:7:      layout_gridville, uniq_joseph, uniq_maggie, uniq_duvessa
D:8:      layout_basic, minitemple, uniq_maurice, uniq_harold
D:9:      cheibrodos_ideogram_h, layout_loops_cross, uniq_erica, uniq_grum
Temple:   eino_temple_rhombus

Skill      XL: |  1  2  3  4  5  6  7  8  9 10 |
---------------+-------------------------------+-----
Staves         | 2 |  2.4
Armour         | 1 2 3 4 5 6 |  6.5
Invocations    | 1 2 3 4 5 7 |  7.3
Polearms       | 1 2 3 4 5 7 9 |  9.4
Fighting       | 3 4 5 6 7 |  7.6
Shields        | 1 2 3 4 |  4.0
Dodging        | 3 5 |  5.1
Crossbows      | |  1.7
Throwing       | |  1.0
Stealth        | |  1.0
Evocations     | |  1.0

Action                   |  1- 3 |  4- 6 |  7- 9 | 10-12 || total
-------------------------+-------+-------+-------+-------++-------
Melee: Dagger            |    55 |       |       |       ||    55
       Club              |    66 |       |       |       ||    66
       Headbutt          |    15 |    18 |    58 |    59 ||   150
       Trident           |    33 |   131 |   287 |       ||   451
       Spear             |       |       |   107 |   299 ||   406
Invok: Draw Destruction  |     1 |     6 |     9 |     4 ||    20
       Draw Summoning    |       |     1 |     2 |     1 ||     4
       Draw Escape       |       |     1 |     2 |     1 ||     4
       Triple Draw       |       |       |     2 |       ||     2
  Use: Scroll            |       |       |    19 |     3 ||    22
       Potion            |       |       |     2 |     2 ||     4
 Stab: Sleeping          |     3 |     2 |       |       ||     5
       Distracted        |       |     1 |       |       ||     1
Armor: Leather armour    |    49 |    28 |       |       ||    77
       Ring mail         |       |    21 |   106 |       ||   127
       Scale mail        |       |       |    43 |     1 ||    44
       Skin              |       |       |     2 |       ||     2
       Plate armour      |       |       |       |    85 ||    85
       Chain mail        |       |       |       |    39 ||    39
Dodge: Dodged            |    95 |    64 |   159 |    63 ||   381
Block: Kite shield       |     2 |     5 |       |       ||     7
       Buckler           |       |    14 |    91 |    63 ||   168

Table legend: (Time is in decaauts)
 A = Elapsed time spent in this place.
 B = Non-inter-level travel time spent in this place.
 C = Inter-level travel time spent in this place.
 D = Time resting spent in this place.
 E = Time spent auto-exploring this place.
 F = Levels seen in this place.
 G = Mean time per level.
                   A        B        C        D        E       F      G
               +--------+--------+--------+--------+--------+-----+--------+
         Total |  13284 |  12815 |    469 |   3439 |   6763 |  11 | 1207.6 |
       Dungeon |  12615 |  12163 |    452 |   3439 |   6298 |   9 | 1401.7 |
        Temple |    202 |    185 |     17 |      0 |    184 |   1 |  202.0 |
         Sewer |    466 |    466 |      0 |      0 |    281 |   1 |  466.0 |
               +--------+--------+--------+--------+--------+-----+--------+

Top non-repeatable levels by time:
     D:8: 3094 daAuts
     D:2: 1433 daAuts
     D:3: 1402 daAuts
     D:7: 1359 daAuts
     D:5: 1354 daAuts
     D:4: 1163 daAuts
     D:1: 1155 daAuts
     D:6: 1012 daAuts
     D:9: 639 daAuts
   Sewer: 466 daAuts
  Temple: 202 daAuts
